 Dungeon Crawl Stone Soup version 0.27-a0-1147-gb3d8e82157 (webtiles) character file.

Game seed: 14505734926316516202

28346 Mesmaeker13 the Covert (level 13, -5/72 HPs)
             Began as a Kobold Hunter on May 11, 2021.
             Was a High Priest of Nemelex Xobeh.
             Slain by a death yak (19 damage)
             ... on level 4 of the Lair of Beasts.
             The game lasted 00:33:07 (23561 turns).

Mesmaeker13 the Covert (Kobold Hunter)             Turns: 23561, Time: 00:33:08

Health: -5/72      AC: 11    Str: 10    XL:     13   Next: 72%
Magic:  21/21      EV: 25    Int: 14    God:    Nemelex Xobeh [*****.]
Gold:   1704       SH:  7    Dex: 18    Spells: 7/12 levels left

rFire    . . .     SeeInvis .   y - +5 long sword of Hefin {venom, rPois rC+}
rCold    + . .     Faith    .   E - +0 buckler
rNeg     . . .     Spirit   .   w - +0 steam dragon scales
rPois    +         Reflect  .   B - +0 helmet
rElec    +         Harm     .   J - +2 cloak {Will+}
rCorr    +         Rampage  .   v - +1 pair of gloves
Will     +....                  (no boots)
Stlth    ++++++....             H - amulet of the acrobat
HPRegen  0.22/turn              u - +4 ring of evasion
MPRegen  0.17/turn              c - ring of Ycyudoxt {rElec rCorr Slay+5}

@: no status effects
A: small, no large weapons, nightstalker 3
a: Renounce Religion, Draw Escape, Draw Destruction, Draw Summoning, Triple
Draw, Deal Four, Stack Five


You were on level 4 of the Lair of Beasts.
You worshipped Nemelex Xobeh.
Nemelex Xobeh was extremely pleased with you.
You visited 2 branches of the dungeon, and saw 15 of its levels.
You also visited: Bailey.

You collected 1752 gold pieces.
You spent 48 gold pieces at shops.

Inventory:

Hand Weapons
 a - a +1 hand crossbow
 o - a +1 dagger of electrocution
 p - a +3 scimitar of flaming
 y - the +5 long sword of Hefin (weapon) {venom, rPois rC+}
   (You found it on level 5 of the Dungeon)

   It poisons the flesh of those it strikes.
   It protects you from cold.
   It protects you from poison.
Missiles
 d - 107 bolts
 Q - 2 throwing nets (quivered)
 V - 10 curare-tipped darts
Armour
 v - a +1 pair of gloves (worn)
 w - +0 steam dragon scales (worn)
 B - a +0 helmet (worn)
 E - a +0 buckler (worn)
 J - a +2 cloak of willpower (worn)
Jewellery
 c - the ring of Ycyudoxt (right hand) {rElec rCorr Slay+5}
   (You acquired it on level 9 of the Dungeon)

   [ring of resist corrosion]

   It affects your accuracy and damage with ranged weapons and melee attacks
   (+5).
   It insulates you from electricity.
   It protects you from acid and corrosion.
 u - a +4 ring of evasion (left hand)
 H - an amulet of the acrobat (around neck)
 R - a ring of willpower
Wands
 n - a wand of acid (5)
 N - a wand of digging (8)
 S - a wand of charming (9)
 T - a wand of iceblast (16)
 U - a wand of flame (13)
Scrolls
 g - a scroll of enchant weapon {unknown}
 j - 4 scrolls of enchant armour {unknown}
 k - 2 scrolls of fear {unknown}
 l - 4 scrolls of noise
 m - 5 scrolls of blinking
 z - 2 scrolls of fog {unknown}
 A - a scroll of magic mapping {unknown}
 C - a scroll of summoning
 D - 3 scrolls of immolation
 G - 3 scrolls of teleportation
 K - a scroll of amnesia {unknown}
 O - 2 scrolls of silence
 W - a scroll of brand weapon {unknown}
Potions
 b - 2 potions of degeneration
 e - 4 potions of magic
 f - 3 potions of cancellation
 h - 2 potions of heal wounds
 i - 2 potions of mutation
 q - 2 potions of invisibility
 r - 4 potions of curing
 s - a potion of attraction
 t - a potion of haste {unknown}
 x - a potion of might
 F - a potion of lignification {unknown}
 M - a potion of flight {unknown}
 P - a potion of ambrosia {unknown}
Miscellaneous
 I - a box of beasts (inert)


   Skills:
 - Level 5.3 Fighting
 - Level 10.0(11.1) Short Blades
 + Level 5.1(6.6) Long Blades
 - Level 10.0 Crossbows
 + Level 9.7 Dodging
 + Level 13.1 Stealth
 - Level 5.6 Shields
 + Level 6.2 Hexes
 + Level 10.9 Invocations


You had 7 spell levels left.
You knew the following spells:

 Your Spells              Type           Power      Damage    Failure   Level
a - Summon Mana Viper     Hex/Summ       8%         N/A       92%         5

Your spell library contained the following spells:

 Spells                   Type           Power      Damage    Failure   Level
 Dazzling Flash           Conj/Hex       16%        N/A       24%         3
 Portal Projectile        Hex/Tloc       16%        N/A       24%         3
 Summon Guardian Golem    Hex/Summ       8%         N/A       24%         3
 Apportation              Tloc           0%         N/A       28%         1
 Freeze                   Ice            0%         1d3       28%         1
 Magic Dart               Conj           0%         1d3       28%         1
 Sandblast                Erth           0%         2d4       28%         1
 Summon Small Mammal      Summ           0%         N/A       28%         1
 Call Imp                 Summ           0%         N/A       41%         2
 Passwall                 Tmut/Erth      0%         N/A       41%         2
 Searing Ray              Conj           0%         3d3       41%         2
 Wereblood                Tmut           0%         N/A       41%         2
 Fulminant Prism          Conj/Hex       4%         3d6       63%         4
 Call Canine Familiar     Summ           0%         N/A       65%         3
 Frozen Ramparts          Ice            0%         1d2       65%         3
 Ignite Poison            Fire/Tmut/Pois 0%         N/A       65%         3
 Mephitic Cloud           Conj/Pois/Air  0%         N/A       65%         3
 Ozocubu's Armour         Ice            0%         N/A       65%         3
 Stone Arrow              Conj/Erth      0%         3d7       65%         3
 Swiftness                Air            0%         N/A       65%         3
 Metabolic Englaciation   Hex/Ice        4%         N/A       92%         5
 Hailstorm                Conj/Ice       0%         3d3       96%         4
 Iskenderun's Mystic Bla  Conj/Tloc      0%         2d3       96%         4
 Passage of Golubria      Tloc           N/A        N/A       96%         4
 Petrify                  Tmut/Erth      0%         N/A       96%         4
 Summon Ice Beast         Ice/Summ       0%         N/A       96%         4
 Summon Lightning Spire   Summ/Air       0%         N/A       96%         4
 Alistair's Intoxication  Tmut/Pois      0%         N/A       100%        5
 Fireball                 Conj/Fire      0%         3d3       100%        5
 Irradiate                Conj/Tmut      0%         3d14      100%        5
 Lee's Rapid Deconstruct  Erth           0%         3d5*      100%        5
 Freezing Cloud           Conj/Ice/Air   0%         6-21      100%        6
 Starburst                Conj/Fire      0%         8x6d3     100%        6
 Ignition                 Fire           0%         3d3       100%        8


Dungeon Overview and Level Annotations

Branches:
Dungeon (10/15)            Temple (0/1) D:7            Lair (5/6) D:10
  Swamp (0/4) Lair:4        Snake (0/4) Lair:4       Bailey (visited)
  Slime: Lair:5-6       Orc: D:9-12

Altars:
Cheibriados
Fedhas
Makhleb
Nemelex Xobeh
Trog
Uskayaw
Vehumet
Wu Jian
Xom
Yredelemnul
The Shining One

Shops:
D:8 (!

Annotations:
D:4 Cralpanu's ghost, amateur FoFi
Lair:1 exclusion: 4 oklob plants


Innate Abilities, Weirdness & Mutations

You are small and have problems with some larger weapons.
You are completely attuned to the shadows.


Message History

The death yak is lightly wounded.
You block the death yak's attack.
You climb upwards.
There is a stone staircase leading down here.
The +5 long sword of Hefin {venom, rPois rC+} begins to drip with poison!
y - the +5 long sword of Hefin (weapon)
{venom, rPois rC+} The death yak closely misses you.
You hit the death yak.
The death yak is poisoned.
The death yak is lightly wounded.
The death yak completely misses you.
You hit the death yak.
The death yak is lightly wounded.
You block the death yak's attack.
You hit the death yak but do no damage.
The death yak looks as sick as possible!
The death yak is lightly wounded.
The death yak gores you!
You hit the death yak.
The death yak looks as sick as possible!
The death yak is moderately wounded.
The death yak gores you!!
You slash the death yak!
The death yak looks as sick as possible!
The death yak is heavily wounded.
The death yak gores you but does no damage.
You hit the death yak.
The death yak looks as sick as possible!
The death yak is heavily wounded.
The death yak gores you!
You slash the death yak!
The death yak looks as sick as possible!
The death yak is heavily wounded.
The death yak gores you!
* * * LOW HITPOINT WARNING * * *
You draw a card...
You have drawn the Storm.
A fierce wind blows from the card.
You hear mighty peals of thunder!
You hear a croak.
The death yak gores you!!
You die...
Your body glows with a rainbow of weird colours and disappears.

..# ##.##..#.#### ##.#.......#.
..# ##...####..#### #...........
.#####....##<..###.###..##.#.##..
..#...##.....#..#...#........#...
....................#......P.#..#
....................#........#...
.[.....#................P........
......†....................#.....
.......####P..##@.P..#..P..#.#..#
...^...# ######Y.####...........
.......# #P...# #..###.##'##
.#..#### ###.### #### #....#
P..P.# ####.#+.# ######..#.#
.....# #....P..# ##.##..+#.##
.....# ###.......## #.#......##
.....###P#........# #.'......##
.....'...........####.#>......#


You could see a death yak (very poisoned).

Vanquished Creatures
  Gastronok (D:9)
  Erica (D:8)
  4 hydras
  2 two-headed ogres
  Sonja (Lair:3)
  A deep troll (Lair:3)
  An oklob plant (Lair:1)
  3 elephants (Lair:4)
  5 cane toads
  A torpor snail (Lair:4)
  3 rime drakes
  Psyche (D:8)
  7 komodo dragons
  A troll (D:10)
  2 polar bears
  7 blink frogs
  9 dream sheep (Lair:4)
  5 wyverns
  13 yaks
  2 vampire mosquitoes (D:10)
  4 steam dragons
  2 acid dragons
  3 nagas (Lair:4)
  Menkaure (D:6)
  9 water moccasins
  7 orc warriors
  A black bear (D:8)
  A sky beast (D:6)
  An ice beast (D:8)
  9 wolves
  3 necrophages
  7 centaurs
  3 phantoms
  2 kobold brigands
  18 bullfrogs
  A gnoll sergeant (D:8)
  2 wyvern zombies (D:7)
  2 scorpions
  2 water moccasin skeletons
  6 killer bees
  17 wights
  3 howler monkeys
  A jelly (D:4)
  4 electric eels (D:9)
  A bullfrog zombie (D:6)
  2 centaur zombies (D:10)
  2 hounds
  A gnoll shaman (D:8)
  2 orc priests (D:8)
  A centaur skeleton (D:6)
  An iguana (Lair:4)
  An orc wizard (D:5)
  A hound skeleton (D:5)
  8 gnolls (D:8)
  3 adders
  A shadow imp (D:8)
  12 white imps (Lair:5)
  An ufetubus (D:6)
  An adder skeleton (D:4)
  2 worms (D:3)
  3 dart slugs
  17 orcs
  8 endoplasms
  2 giant cockroaches (D:1)
  3 hobgoblins
  2 jackals (D:1)
  18 kobolds
  2 quokkas
  4 ball pythons
  7 bats
  4 frilled lizards
  8 goblins
  10 rats
  A bush (Lair:1)
308 creatures vanquished.

Vanquished Creatures (collateral kills)
  An orc knight (Bailey)
  Joseph (D:7)
  A komodo dragon (Lair:1)
  5 orc warriors
  A bullfrog (Bailey)
  A hound (D:5)
  An orc wizard (D:6)
  3 orcs
14 creatures vanquished.

Vanquished Creatures (others)
  19 fungi
  61 plants
80 creatures vanquished.

Grand Total: 402 creatures vanquished

Notes
Turn   | Place    | Note
-------+----------+-------------------------------------------
     0 | D:1      | Mesmaeker13 the Kobold Hunter began the quest for the Orb.
     0 | D:1      | Reached XP level 1. HP: 12/12 MP: 1/1
   192 | D:1      | Reached skill level 5 in Crossbows
   192 | D:1      | Reached XP level 2. HP: 18/18 MP: 2/2
   206 | D:1      | Found a faded altar of an unknown god.
   459 | D:1      | Reached XP level 3. HP: 22/22 MP: 3/3
  1359 | D:2      | Reached XP level 4. HP: 28/28 MP: 4/4
  1608 | D:3      | Noticed a scorpion
  1612 | D:3      | Killed a scorpion
  1613 | D:3      | Reached XP level 5. HP: 32/32 MP: 5/5
  2407 | D:3      | Found a glowing golden altar of the Shining One.
  2943 | D:3      | Found a sparkling altar of Nemelex Xobeh.
  2996 | D:3      | Became a worshipper of Nemelex Xobeh the Trickster
  3300 | D:4      | Noticed a phantom
  3326 | D:4      | Killed a phantom
  3327 | D:4      | Reached skill level 1 in Short Blades
  3327 | D:4      | Reached skill level 1 in Invocations
  3327 | D:4      | Reached XP level 6. HP: 12/38 MP: 6/6
  4062 | D:5      | Entered Level 5 of the Dungeon
  4554 | D:4      | Reached XP level 7. HP: 29/44 MP: 8/8
  4784 | D:4      | Reached * piety under Nemelex Xobeh
  4816 | D:4      | Found a runed translucent gate.
  4816 | D:4      | Found a runed translucent gate.
  4817 | D:4      | Found a runed translucent gate.
  4818 | D:4      | Noticed Cralpanu's ghost (amateur FoFi)
  4818 | D:4      | Identified the +1 robe of Inference {Str+4}
  5019 | D:4      | Received a gift from Nemelex Xobeh
  5205 | D:4      | Reached skill level 5 in Dodging
  5530 | D:5      | Found a blossoming altar of Fedhas.
  5734 | D:5      | Reached skill level 5 in Fighting
  5734 | D:5      | Reached XP level 8. HP: 49/49 MP: 8/10
  5777 | D:5      | Found a burning altar of Makhleb.
  5779 | D:5      | Found a basalt altar of Yredelemnul.
  5781 | D:5      | Found a hide-covered altar of Uskayaw.
  5784 | D:5      | Found a radiant altar of Vehumet.
  5840 | D:5      | Identified the +5 long sword of Hefin {venom, rPois rC+}
  6253 | D:6      | Reached ** piety under Nemelex Xobeh
  6253 | D:6      | Received a gift from Nemelex Xobeh
  6615 | D:6      | Reached skill level 2 in Stealth
  7051 | D:6      | Reached skill level 1 in Shields
  7165 | D:6      | Reached skill level 3 in Stealth
  7223 | D:6      | Reached skill level 5 in Short Blades
  7223 | D:6      | Reached XP level 9. HP: 54/54 MP: 12/12
  7265 | D:6      | Noticed Menkaure
  7268 | D:6      | Killed Menkaure
  7467 | D:7      | Reached skill level 4 in Stealth
  7621 | D:7      | Received a gift from Nemelex Xobeh
  7737 | D:7      | Reached skill level 5 in Stealth
  7737 | D:7      | Reached skill level 5 in Invocations
  7832 | D:7      | Found a staircase to the Ecumenical Temple.
  7907 | D:7      | Found a flagged portal.
  7913 | Bailey   | Entered a bailey
  7988 | Bailey   | Reached skill level 6 in Stealth
  7988 | Bailey   | Reached XP level 10. HP: 57/59 MP: 14/14
  8002 | Bailey   | Noticed an orc knight
  8007 | Bailey   | Killed an orc knight
  8279 | D:7      | Found a bloodstained altar of Trog.
  8331 | D:7      | Reached skill level 7 in Stealth
  8759 | D:7      | Noticed Joseph
  8768 | D:7      | Killed Joseph
  9737 | D:8      | Found Xusasijo's Antique Weapon Shoppe.
  9806 | D:8      | Noticed a two-headed ogre
  9813 | D:8      | Killed a two-headed ogre
 10284 | D:8      | Reached skill level 8 in Stealth
 10478 | D:8      | Reached XP level 11. HP: 48/62 MP: 16/16
 10481 | D:8      | Reached skill level 10 in Crossbows
 10502 | D:8      | Noticed Psyche
 10803 | D:8      | Killed Psyche
 11102 | D:8      | Reached *** piety under Nemelex Xobeh
 11146 | D:8      | Received a gift from Nemelex Xobeh
 11147 | D:8      | Noticed Erica
 11787 | D:8      | Found a shimmering altar of Xom.
 11963 | D:8      | Found Zoesot's Distillery.
 11966 | D:8      | Bought a potion of curing for 48 gold pieces
 12038 | D:8      | Killed Erica
 12039 | D:8      | Reached skill level 9 in Stealth
 12039 | D:8      | Reached skill level 5 in Shields
 13372 | D:9      | Identified a scroll of acquirement
 13374 | D:9      | Acquired the ring of Ycyudoxt {rElec rCorr Slay+5}
 13550 | D:9      | Identified Sif Muna's Papyrus of Companions and
                  | Transmigration
 13687 | D:9      | Noticed Gastronok
 14050 | D:9      | Killed Gastronok
 14051 | D:9      | Reached skill level 10 in Stealth
 14259 | D:9      | Reached skill level 10 in Short Blades
 14282 | D:9      | Received a gift from Nemelex Xobeh
 14468 | D:9      | Found an ornate altar of the Wu Jian Council.
 14579 | D:10     | Entered Level 10 of the Dungeon
 14594 | D:10     | Found a staircase to the Lair.
 14743 | D:10     | Learned a level 5 spell: Summon Mana Viper
 14918 | D:10     | Reached skill level 1 in Hexes
 14932 | D:10     | Noticed a two-headed ogre
 14948 | D:10     | Killed a two-headed ogre
 15077 | D:10     | Reached skill level 1 in Long Blades
 15077 | D:10     | Reached XP level 12. HP: 68/68 MP: 18/18
 15320 | D:10     | Found a snail-covered altar of Cheibriados.
 15380 | Lair:1   | Entered Level 1 of the Lair of Beasts
 15553 | Lair:1   | Noticed a six-headed hydra
 15566 | Lair:1   | Killed a one-headed hydra
 16138 | Lair:1   | Received a gift from Nemelex Xobeh
 16164 | Lair:1   | Reached skill level 11 in Stealth
 16266 | Lair:1   | Reached **** piety under Nemelex Xobeh
 16623 | Lair:1   | Identified the +4 mace "Nigg" {vamp, rPois rF- Dex+7}
 16842 | Lair:1   | Identified the +2 trident of the Smoking Wasp {flame, rC+
                  | Str+6}
 16850 | Lair:1   | Identified the +6 war axe of the Tooth {vorpal, *Rage rF+
                  | Int+7}
 17477 | Lair:2   | Received a gift from Nemelex Xobeh
 18685 | Lair:3   | Received a gift from Nemelex Xobeh
 18819 | Lair:3   | Noticed a six-headed hydra
 18826 | Lair:3   | Noticed Sonja
 18828 | Lair:3   | Killed a one-headed hydra
 18837 | Lair:3   | Killed Sonja
 19223 | Lair:3   | Noticed Nergalle
 19224 | Lair:3   | Noticed Nergalle
 19224 | Lair:3   | Nergalle changed into Nergalle the deep troll
 19237 | Lair:3   | Killed Nergalle the deep troll
 19238 | Lair:3   | Reached skill level 12 in Stealth
 19238 | Lair:3   | Reached skill level 10 in Invocations
 19256 | Lair:3   | Reached XP level 13. HP: 46/72 MP: 16/20
 19644 | Lair:3   | Received a gift from Nemelex Xobeh
 20018 | Lair:3   | Reached skill level 5 in Hexes
 20506 | Lair:4   | Received a gift from Nemelex Xobeh
 21009 | Lair:4   | Identified the Compendium of Flight and Translocation
 21624 | Lair:4   | Noticed a four-headed hydra
 21628 | Lair:4   | Noticed a seven-headed hydra
 21643 | Lair:4   | Killed a four-headed hydra
 21646 | Lair:4   | Killed a one-headed hydra
 21831 | Lair:4   | Found a staircase to the Swamp.
 22091 | Lair:4   | Found a staircase to the Snake Pit.
 22283 | Lair:4   | Reached skill level 13 in Stealth
 22396 | Lair:4   | Reached ***** piety under Nemelex Xobeh
 22396 | Lair:4   | Received a gift from Nemelex Xobeh
 22423 | Lair:4   | Reached skill level 5 in Long Blades
 22880 | Lair:5   | Found a frozen archway.
 23561 | Lair:4   | Slain by a death yak

Illustrated notes

Levels and vault maps discovered:
D:1:      minmay_arrival_four_houses, layout_basic,
          hellmonk_ecumenical_altar_prayer_group, hex_medium,
          serial_park_tiny_1, grunt_decor_clamped
D:2:      layout_rooms, kennysheep_generic_room_16
D:3:      minmay_inner_zag, layout_loops_corners, tso_metal_star,
          lemuel_tele_altar
D:4:      layout_loops_corners, gammafunk_ghost_nasty_kobolds,
          chequers_serial_rivers_micro_d
D:5:      layout_basic, grunt_temple_overflow_open
D:6:      layout_gridville, uniq_menkaure
D:7:      layout_basic, general_overflow_altar, minmay_temple_entry_mini_moons,
          enter_bailey_2, chequers_serial_rivers_micro_c, uniq_joseph
D:8:      black_bear_nest_1, layout_loops_corners, old_standard_altar,
          serial_shops, shop, kennysheep_mini_moat,
          minmay_misc_feat_more_columns, uniq_psyche, uniq_erica
D:9:      layout_cave_pools, nicolae_overflow_hidden_temple, serial_bayou,
          serial_bayou_pond_a, serial_bayou_pond_a, serial_bayou_lagoon_b,
          serial_bayou_pond_b, uniq_gastronok
D:10:     layout_basic, cheibriados_altar_1, lair_entry_dummy
Lair:1:   dpeg_oklob_gauntlet, layout_cave_pods, chequers_serial_rivers_micro_b,
          minmay_lair_oklob_items
Lair:2:   layout_chaotic_city, beast_lair_carwin_4, infiniplex_staircase_pool_2,
          grunt_megastairs_3
Lair:3:   layout_regular_city, guppyfry_lair_drakes, uniq_nergalle, uniq_sonja
Lair:4:   layout_roguey, palyth_hydra_swamp_entry,
          minmay_snake_entry_guardpost_small, chequers_serial_rivers_micro_a,
          hangedman_lair_unloving_vines
Lair:5:   layout_cave_pods, portal_ice_cave_entry_imps

Skill      XL: |  1  2  3  4  5  6  7  8  9 10 11 12 13 |
---------------+----------------------------------------+-----
Crossbows      | 5 6 7 8 9 10 | 10.0
Dodging        | 3 4 5 6 8 9 |  9.7
Fighting       | 3 4 5 |  5.3
Short Blades   | 1 2 3 5 6 8 10 | 10.0
Invocations    | 1 2 4 5 7 8 10 | 10.9
Stealth        | 3 6 8 10 12 13 | 13.1
Shields        | 1 3 4 5 |  5.6
Hexes          | 1 4 6 |  6.2
Long Blades    | 1 3 5 |  5.1

Action                   |  1- 3 |  4- 6 |  7- 9 | 10-12 | 13-15 || total
-------------------------+-------+-------+-------+-------+-------++-------
Melee: Dagger            |       |    49 |    65 |     7 |       ||   121
       Long sword        |       |       |    41 |   304 |   165 ||   510
       Scimitar          |       |       |       |    30 |    17 ||    47
 Fire: Hand crossbow     |    73 |    49 |    78 |   165 |    85 ||   450
Invok: Draw Summoning    |       |       |     4 |     7 |       ||    11
       Draw Destruction  |       |       |     2 |     5 |     4 ||    11
       Triple Draw       |       |       |       |     1 |       ||     1
       Deal Four         |       |       |       |     1 |       ||     1
       Draw Escape       |       |       |       |       |     4 ||     4
Evoke: Wand              |       |       |     5 |    25 |     4 ||    34
       Box of beasts     |       |       |       |     2 |       ||     2
  Use: Scroll            |       |       |     6 |     6 |     3 ||    15
       Potion            |       |       |     1 |     6 |     1 ||     8
 Stab: Sleeping          |       |     6 |     6 |     8 |     2 ||    22
       Distracted        |       |       |     1 |       |       ||     1
Armor: Leather armour    |     4 |    14 |    18 |    25 |       ||    61
       Steam dragon scal |       |       |       |    40 |    41 ||    81
Dodge: Dodged            |    11 |    46 |   143 |   419 |   248 ||   867
Block: Buckler           |       |       |    21 |   148 |    83 ||   252
       Rpst.: Long sword |       |       |    15 |    71 |    43 ||   129
       Scimitar          |       |       |       |     8 |     3 ||    11

Table legend: (Time is in decaauts)
 A = Elapsed time spent in this place.
 B = Non-inter-level travel time spent in this place.
 C = Inter-level travel time spent in this place.
 D = Time resting spent in this place.
 E = Time spent auto-exploring this place.
 F = Levels seen in this place.
 G = Mean time per level.
                   A        B        C        D        E       F      G
               +--------+--------+--------+--------+--------+-----+--------+
         Total |  23722 |  22943 |    779 |   6964 |  12607 |  16 | 1482.6 |
       Dungeon |  15294 |  14633 |    661 |   4406 |   8170 |  10 | 1529.4 |
          Lair |   8228 |   8110 |    118 |   2554 |   4436 |   5 | 1645.6 |
        Bailey |    200 |    200 |      0 |      4 |      0 |   1 |  200.0 |
               +--------+--------+--------+--------+--------+-----+--------+

Top non-repeatable levels by time:
     D:8: 3535 daAuts
  Lair:4: 2809 daAuts
     D:3: 2139 daAuts
  Lair:1: 2082 daAuts
     D:4: 1971 daAuts
     D:9: 1689 daAuts
  Lair:3: 1688 daAuts
     D:6: 1474 daAuts
  Lair:2: 1382 daAuts
     D:7: 1300 daAuts
     D:1: 926 daAuts
     D:5: 909 daAuts
    D:10: 804 daAuts
     D:2: 545 daAuts
  Lair:5: 266 daAuts
